 Dungeon Crawl Stone Soup version 0.29.1-1-gd02db6906a (webtiles) character file.

Game seed: 16672739724802917343

67 xian the Sneak (level 4, -3/24 HPs)
             Began as a Kobold Enchanter on Oct 10, 2022.
             Slain by a gnoll
             ... wielding a +0 whip
              (6 damage)
             ... on level 2 of the Dungeon.
             The game lasted 00:03:26 (1282 turns).

xian the Sneak (Kobold Enchanter)                   Turns: 1282, Time: 00:03:26

Health: -3/24      AC:  3    Str:  5    XL:     4   Next: 38%
Magic:  7/7        EV: 19    Int: 18    God:
Gold:   78         SH:  0    Dex: 15    Spells: 5/7 levels left

rFire   . . .      SeeInvis .   a - +1 dagger (freeze)
rCold   . . .      Faith    .   (no shield)
rNeg    . . .      Spirit   .   b - +0 robe
rPois   .          Reflect  .   (no helmet)
rElec   .          Harm     .   (no cloak)
rCorr   .          Rampage  .   (no gloves)
Will    .....                   f - +0 pair of boots
Stlth   ++++......              (no amulet)
HPRegen 0.08/turn               e - +4 ring of evasion
MPRegen 0.10/turn               (no ring)

@: slowed, very slow
A: small, no large weapons, nightstalker 3
a: no special abilities


You were on level 2 of the Dungeon.
You visited 1 branch of the dungeon, and saw 2 of its levels.

You collected 78 gold pieces.

Inventory:

Hand Weapons
 a - a +1 dagger of freezing (weapon)
Armour
 b - a +0 robe (worn)
 f - a +0 pair of boots (worn)
Jewellery
 e - a +4 ring of evasion (left hand)
Scrolls
 d - a scroll of torment {unknown}
 g - a scroll of blinking {unknown}
 j - a scroll of enchant weapon {unknown}
 l - a scroll of immolation
Potions
 c - 2 potions of invisibility
 h - a potion of magic {unknown}
 i - 2 potions of ambrosia {unknown}
 k - a potion of curing {unknown}


   Skills:
 + Level 0.8 Fighting
 + Level 2.6 Short Blades
 + Level 3.1 Dodging
 + Level 5.2 Stealth
 + Level 2.4 Spellcasting
 + Level 3.1 Hexes


You had 5 spell levels left.
You knew the following spells:

 Your Spells              Type           Power      Damage    Failure   Level
a - Ensorcelled Hibernat  Hex/Ice        14%        N/A       14%         2

Your spell library contained the following spells:

 Spells                   Type           Power      Damage    Failure   Level
 Confusing Touch          Hex            13%        N/A       14%         3
 Tukima's Dance           Hex            13%        N/A       14%         3
 Dazzling Flash           Conj/Hex       14%        N/A       28%         3
 Yara's Violent Unravell  Hex/Tmut       3%         3d4       95%         5
 Enfeeble                 Hex            6%         N/A       100%        7


Dungeon Overview and Level Annotations

Branches:
Dungeon (2/15)

Altars:

Annotations:
D:2 Natasha


Innate Abilities, Weirdness & Mutations

You are small and have problems with some larger weapons.
You are completely attuned to the shadows.


Message History

Found 5 gold pieces.
The helpless worm fails to defend itself.
You impale the worm!! You freeze the worm.
You kill the worm!
You now have 73 gold pieces (gained 13).
You now have 78 gold pieces (gained 5).
Found a stone staircase leading down.
Found an escape hatch in the ceiling.
A ball python comes into view.
A gnoll comes into view. It is wielding a +0 whip.
Found a book of Sloth.
Found a lumpy diamond amulet.
Found a scroll labelled JILILAACWA.
Natasha, Servant of Life and Death comes into view.
The helpless ball python fails to defend itself.
You impale the ball python!!
The ball python seems to slow down.
You freeze the ball python.
You kill the ball python! 2 gnolls come into view.
Natasha hisses angrily.
The gnoll shouts! x2
The gnoll hits you with a +0 whip.
You hear an angry hiss.
You hit the gnoll. You freeze the gnoll.
The gnoll is moderately wounded.
The gnoll misses you. Natasha attacks as you move away!
Natasha closely misses you.
The gnoll hits you from afar with a +0 spear.
A gnoll comes into view. It is wielding a +0 spear.
Natasha howls an incantation.
Natasha's front paws start to glow.
Natasha stares at you and mumbles some strange words.
You feel yourself slow down. Natasha attacks as you move away!
Natasha misses you. The gnoll hits you with a +0 whip.
Natasha attacks as you move away! Natasha closely misses you.
The gnoll attacks as you move away! The gnoll closely misses you.
Natasha claws you!
* * * LOW HITPOINT WARNING * * *
The gnoll hits you with a +0 whip.
You die...

#.#....?.. #.#.....g.
":........ ..........
....†...#.. .
....###.g.## #
.....##...g## .###
.........hg.### <..#
....##....@...# #..
#...#.#..#.# ### ##
##.###.#.... #
#..####..#
#.####.....# #
#..#....## ..
##......## #....####
.. ###.......# ......#
#.....##.......#.###
......#
#.....##..#..#.....###
......#
#.....................


You could see Natasha and 3 gnolls.

Vanquished Creatures
  Natasha (D:2)
  An adder (D:2)
  A worm (D:2)
  3 ball pythons
  An endoplasm (D:1)
  A giant cockroach (D:1)
  A goblin (D:1)
  3 hobgoblins
  5 quokkas (D:1)
  5 bats
  2 frilled lizards (D:1)
  3 kobolds (D:1)
  3 rats
30 creatures vanquished.

Notes
Turn   | Place    | Note
-------+----------+-------------------------------------------
     0 | D:1      | xian the Kobold Enchanter began the quest for the Orb.
     0 | D:1      | Reached XP level 1. HP: 10/10 MP: 3/3
   258 | D:1      | Reached XP level 2. HP: 8/15 MP: 5/5
   261 | D:1      | Learned a level 2 spell: Ensorcelled Hibernation
   974 | D:1      | Reached XP level 3. HP: 19/19 MP: 6/6
  1150 | D:2      | Noticed Natasha
  1178 | D:2      | Killed Natasha
  1179 | D:2      | Reached skill level 5 in Stealth
  1179 | D:2      | Reached XP level 4. HP: 24/24 MP: 4/7
  1273 | D:2      | Noticed Natasha
  1282 | D:2      | Slain by a gnoll

Illustrated notes

Levels and vault maps discovered:
D:1:      dpeg_arrival_arbitrary_a, layout_basic,
          wander_ebering_terrifying_dragon_lair
D:2:      layout_rooms, cheibrodos_gnoll_hut, uniq_natasha

Skill      XL: |  1  2  3 |
---------------+----------+-----
Short Blades   | 2 |  2.6
Dodging        | 3 |  3.1
Stealth        | 5 |  5.2
Fighting       | |  0.8
Spellcasting   | |  2.4
Hexes          | |  3.1

Action                   |  1- 3 |  4- 6 || total
-------------------------+-------+-------++-------
Melee: Dagger            |    86 |     6 ||    92
 Cast: Ensorcelled Hiber |     1 |       ||     1
  Use: Scroll            |     3 |       ||     3
 Stab: Sleeping          |    10 |     5 ||    15
Armor: Robe              |    12 |       ||    12
Dodge: Dodged            |    68 |     5 ||    73
